 Dungeon Crawl Stone Soup version 0.23.2-33-g5129a83184 (webtiles) character file.

Game seed: 13878936369592424924

549 Kold the Conjurer (level 7, 0/50 HPs)
             Began as a Pale Draconian Conjurer on July 17, 2019.
             Was an Initiate of Vehumet.
             Slain by an ice beast (1 damage)
             ... on level 5 of the Dungeon.
             The game lasted 00:09:30 (4356 turns).

Kold the Conjurer (Pale Draconian Conjurer)         Turns: 4356, Time: 00:09:31

Health: 0/50       AC:  8    Str: 10    XL:     7   Next: 7%
Magic:  7/13       EV: 12    Int: 17    God:    Vehumet [......]
Gold:   181        SH:  0    Dex: 12    Spells: 3/14 levels left

rFire    . . .     SeeInvis .   m - +2 dagger (drain)
rCold    . . .     Gourm    .   (no shield)
rNeg     . . .     Faith    .   (armour unavailable)
rPois    .         Spirit   .   (helmet restricted)
rElec    .         Reflect  .   (no cloak)
rCorr    .         Harm     .   a - +1 pair of gloves
MR       .....                  (no boots)
Stlth    ++........             (no amulet)
HPRegen  0.16/turn              q - ring of flight
MPRegen  0.13/turn              (no ring)

@: flying
A: breathe steam, unfitting armour, cold-blooded, AC +6
a: Breathe Steam, Renounce Religion


You were on level 5 of the Dungeon.
You worshipped Vehumet.
Vehumet was noncommittal.
You were hungry.

You visited 2 branches of the dungeon, and saw 6 of its levels.

You collected 181 gold pieces.

Inventory:

Hand Weapons
 j - a +1 dagger of venom
 m - a +2 dagger of draining (weapon)
Armour
 a - a +1 pair of gloves (worn)
Magical Staves
 l - an uncursed staff of air
Jewellery
 q - a ring of flight (left hand)
Wands
 f - a wand of iceblast (14)
Scrolls
 g - 3 scrolls of identify
 o - 2 scrolls of teleportation
Potions
 c - 4 potions of curing {unknown}
 d - a potion of mutation {unknown}
 e - a potion of agility {unknown}
 h - a potion of might {unknown}
 i - a potion of ambrosia {unknown}
 k - a potion of degeneration {unknown}
 n - a potion of flight
 r - a potion of resistance {unknown}
Comestibles
 b - 6 rations
 p - a chunk of flesh


   Skills:
 - Level 2.0 Dodging
 - Level 2.0 Stealth
 - Level 4.0 Spellcasting
 + Level 7.5 Conjurations


You had 3 spell levels left.
You knew the following spells:

 Your Spells              Type           Power        Failure   Level  Hunger
a - Magic Dart            Conj           ####         1%          1    None
b - Searing Ray           Conj           ####..       1%          2    ##.....
c - Iskenderun's Mystic   Conj           ####....     7%          4    ####...
d - Fulminant Prism       Conj/Hex       ###.......   32%         4    ####...

Your spell library contained the following spells:

 Spells                   Type           Power        Failure   Level  Hunger
 Dazzling Spray           Conj/Hex       ###...       10%         3    ###....
 Force Lance              Conj/Tloc      ###.....     32%         4    ####...


Dungeon Overview and Level Annotations

Branches:
Dungeon (5/15)             Temple (1/1) D:4

Altars:
Ashenzari
Cheibriados
Dithmenos
Elyvilon
Gozag
Hepliaklqana
Kikubaaqudgha
Makhleb
Okawaru
Qazlal
Ru
Sif Muna
Trog
Uskayaw
Vehumet
Xom
Yredelemnul
Zin
The Shining One

Annotations:
D:3 3 runed translucent doors, ianfitz1987's ghost, amateur HuWz


Innate Abilities, Weirdness & Mutations

You can breathe blasts of scalding, opaque steam.
Your pale cyan-grey scales are hard. (AC +6)
You cannot fit into any form of body armour.
You are cold-blooded and may be slowed by cold attacks.


Message History

Confirm with . or Enter, or press ? or * to list all spells.
Aiming: Searing Ray (safe; 1% risk of failure)
Press: ? - help, Shift-Dir - straight line, f - ice beast
Aim: an ice beast The searing ray misses the ice beast. (Press . to maintain the ray.)
The ice beast hits you but does no damage.
The searing ray hits the ice beast.
The ice beast is lightly wounded.
You feel yourself speed up. The ice beast hits you. The ice beast freezes you!
* * * LOW HITPOINT WARNING * * *
The ice beast hits you.
* * * LOW HITPOINT WARNING * * *
The ice beast freezes you!
* * * LOW HITPOINT WARNING * * *
It was a potion of flight.
You feel very buoyant.
You fly up into the air.
The ice beast hits you.
You die...

... ..#
....#..
....#..
....... ####
#.....##..###
#........#
#......##
..####..รท..#
.........)@Y#
...........##
....#.......#
... #.......#
.#
...........
.......#...##
........##.##
.....#### ##


You could see an ice beast.

Vanquished Creatures
  An ogre (D:5)
  A scorpion (D:4)
  A crimson imp (D:5)
  An orc priest (D:3)
  2 hounds (D:4)
  2 orc wizards
  Jessica (D:3)
  Ijyb (D:3)
  A hound skeleton (D:4)
  Robin (D:3)
  6 adders
  2 oozes
  An adder skeleton (D:4)
  3 worms
  A dart slug (D:1)
  3 leopard geckos
  8 orcs
  4 giant cockroaches
  12 goblins
  13 hobgoblins
  4 jackals (D:4)
  5 kobolds
  2 quokkas
  3 ball pythons
  A ball python skeleton (D:4)
  5 bats
  2 frilled lizards
  12 rats
99 creatures vanquished.

Notes
Turn   | Place    | Note
-------+----------+-------------------------------------------
     0 | D:1      | Kold the Draconian Conjurer began the quest for the Orb.
     0 | D:1      | Reached XP level 1. HP: 14/14 MP: 3/3
   202 | D:1      | Reached XP level 2. HP: 17/20 MP: 0/5
   834 | D:2      | Learned a level 2 spell: Searing Ray
  1051 | D:2      | Reached XP level 3. HP: 23/26 MP: 2/6
  1220 | D:2      | Found an iron altar of Okawaru.
  1220 | D:2      | Found an ancient bone altar of Kikubaaqudgha.
  1940 | D:3      | Reached XP level 4. HP: 26/33 MP: 1/8
  2025 | D:3      | Reached skill level 5 in Conjurations
  2084 | D:3      | Found a runed translucent gate.
  2084 | D:3      | Found a runed translucent gate.
  2084 | D:3      | Found a runed translucent gate.
  2088 | D:3      | Noticed ianfitz1987's ghost (amateur HuWz)
  2176 | D:3      | Noticed Ijyb
  2181 | D:3      | Paralysed by Ijyb for 3 turns
  2188 | D:4      | Found a staircase to the Ecumenical Temple.
  2202 | Temple   | Entered the Ecumenical Temple
  2399 | D:3      | Paralysed by Ijyb for 5 turns
  2411 | D:3      | Killed Ijyb
  2411 | D:3      | Reached XP level 5. HP: 38/38 MP: 1/10
  2668 | D:3      | Noticed Jessica
  2669 | D:3      | Noticed Robin
  2819 | D:3      | Killed Jessica
  2872 | D:3      | Killed Robin
  3310 | D:4      | Reached skill level 6 in Conjurations
  3416 | D:4      | Learned a level 4 spell: Iskenderun's Mystic Blast
  3421 | D:4      | Learned a level 4 spell: Fulminant Prism
  3471 | D:4      | Found a stormy altar of Qazlal.
  3593 | D:4      | Reached XP level 6. HP: 45/45 MP: 9/12
  4121 | D:4      | Found a white marble altar of Elyvilon.
  4126 | D:4      | Found a bloodstained altar of Trog.
  4127 | D:4      | Found a hide-covered altar of Uskayaw.
  4134 | D:4      | Found a shadowy altar of Dithmenos.
  4134 | D:4      | Found a radiant altar of Vehumet.
  4135 | D:4      | Found a hazy altar of Hepliaklqana.
  4137 | D:4      | Found a glowing silver altar of Zin.
  4142 | D:4      | Became a worshipper of Vehumet
  4241 | D:5      | Entered Level 5 of the Dungeon
  4245 | D:5      | Reached skill level 7 in Conjurations
  4262 | D:5      | Noticed an ice beast
  4264 | D:5      | Your scales start taking on a pale cyan-grey colour.
  4264 | D:5      | Reached XP level 7. HP: 48/50 MP: 1/13
  4355 | D:5      | HP: 1/50 [ice beast (11)]
  4356 | D:5      | Slain by an ice beast

Skill      XL: |  1  2  3  4  5  6 |
---------------+-------------------+-----
Dodging        | 2 |  2.0
Stealth        | 2 |  2.0
Spellcasting   | 3 4 |  4.0
Conjurations   | 5 6 7 |  7.5

Action                   |  1- 3 |  4- 6 |  7- 9 || total
-------------------------+-------+-------+-------++-------
Melee: Unarmed           |     2 |       |       ||     2
       Dagger            |    23 |    52 |       ||    75
       Tailslap          |     4 |     6 |       ||    10
       Hand axe          |       |    30 |       ||    30
 Cast: Magic Dart        |    64 |   121 |     1 ||   186
       Searing Ray       |     3 |    11 |     2 ||    16
  Use: Scroll            |       |     6 |       ||     6
       Potion            |       |       |     1 ||     1
  Eat: Chunk             |     2 |     6 |       ||     8
       Ration            |       |     1 |       ||     1
Armor: Skin              |    15 |    42 |     2 ||    59
Dodge: Dodged            |    15 |    83 |     3 ||   101
